 Dungeon Crawl Stone Soup version 0.29-a0-319-gad05b8d819 (webtiles) character file.

Game seed: 2350214732411641260

3197 Warped the Cleaver (level 10, 0/70 (71) HPs)
             Began as a Formicid Fighter on Apr 1, 2022.
             Was a Follower of Makhleb.
             Engulfed by a steam dragon's steam (7 damage)
             ... on level 8 of the Dungeon.
             The game lasted 00:13:29 (8963 turns).

Warped the Cleaver (Formicid Fighter)               Turns: 8963, Time: 00:13:30

HP:   0/70 (71)     AC: 13    Str: 26    XL:     10   Next: 17%
MP:   10/10         EV:  8    Int:  7    God:    Makhleb [*.....]
Gold: 406           SH:  4    Dex: 10    Spells: 9/9 levels left

rFire   . . .      SeeInvis +   a - +0 war axe
rCold   . . .      Faith    .   c - +0 buckler
rNeg    . . .      Spirit   .   L - +0 chain mail
rPois   .          Reflect  .   (helmet unavailable)
rElec   .          Harm     .   t - +2 cloak {Will+}
rCorr   .          Rampage  .   (no gloves)
Will    ++...                   p - +0 pair of boots
Stlth   ..........              q - amulet of magic regeneration
HPRegen 0.21/turn               (no ring)
MPRegen 0.52/turn               (no ring)

@: lightly drained
A: permanent stasis, dig shafts and tunnels, antennae 3, four strong arms
a: Dig, Shaft Self, Renounce Religion


You were on level 8 of the Dungeon.
You worshipped Makhleb.
Makhleb was aware of your devotion.
You visited 1 branch of the dungeon, and saw 8 of its levels.
You also visited: Ossuary.

You collected 406 gold pieces.

Inventory:

Hand Weapons
 a - a +0 war axe (weapon)
 s - a +4 quarterstaff of chaos
 M - a +1 dagger of venom
 O - a +0 halberd
Missiles
 e - 328 stones (quivered)
 m - 13 poisoned darts
 N - a curare-tipped dart
Armour
 b - a +0 scale mail
 c - a +0 buckler (worn)
 p - a +0 pair of boots (worn)
 t - a +2 cloak of willpower (worn)
 L - a +0 chain mail (worn)
Magical Staves
 B - a staff of death
Jewellery
 g - a ring of fire
 q - an amulet of magic regeneration (around neck)
 v - an amulet of regeneration
Wands
 n - a wand of polymorph (13)
 y - a wand of iceblast (19)
Scrolls
 h - 2 scrolls of vulnerability {unknown}
 i - a scroll of noise {unknown}
 j - 3 scrolls of teleportation {unknown}
 k - 10 scrolls of identify {unknown}
 x - a scroll of blinking {unknown}
 C - a scroll of fear {unknown}
 D - 2 scrolls of fog {unknown}
 E - 2 scrolls of enchant weapon {unknown}
 H - a scroll of brand weapon {unknown}
 K - a scroll of immolation {unknown}
Potions
 d - 2 potions of might
 f - a potion of degeneration {unknown}
 l - a potion of curing
 o - a potion of berserk rage {unknown}
 r - 2 potions of attraction {unknown}
 u - 2 potions of mutation {unknown}
 w - a potion of magic {unknown}
 z - 3 potions of haste {unknown}
 A - a potion of brilliance {unknown}
 F - a potion of heal wounds {unknown}
 I - 2 potions of resistance {unknown}
 J - a potion of lignification


   Skills:
 + Level 4.1 Fighting
 * Level 12.9 Axes
 + Level 4.0 Armour
 + Level 1.6 Dodging
 + Level 4.4 Shields


You had 9 spell levels left.
You didn't know any spells.
Your spell library contained the following spells:

 Spells                   Type           Power      Damage    Failure   Level
 Magic Dart               Conj           0%         1d3       98%         1
 Call Imp                 Summ           0%         N/A       99%         2
 Sublimation of Blood     Necr           0%         N/A       99%         2
 Wereblood                Tmut           0%         N/A       99%         2
 Confusing Touch          Hex            0%         N/A       100%        3
 Mephitic Cloud           Conj/Pois/Air  0%         N/A       100%        3
 Tukima's Dance           Hex            0%         N/A       100%        3
 Hailstorm                Conj/Ice       0%         3d3       100%        4
 Ice Form                 Ice/Tmut       0%         N/A       100%        4
 Passage of Golubria      Tloc           0%         N/A       100%        4
 Freezing Cloud           Conj/Ice/Air   0%         6-21      100%        5
 Yara's Violent Unravell  Hex/Tmut       0%         3d3       100%        5
 Simulacrum               Ice/Necr       0%         N/A       100%        6
 Enfeeble                 Hex            0%         N/A       100%        7
 Summon Hydra             Summ           0%         N/A       100%        7
 Polar Vortex             Ice            0%         N/A       100%        9


Dungeon Overview and Level Annotations

Branches:
Dungeon (8/15)             Temple (0/1) D:6         Ossuary (visited)
   Lair: D:8-11

Altars:
Gozag
Hepliaklqana
Kikubaaqudgha
Makhleb
Qazlal
Vehumet
Xom

Shops:
D:3 *   D:5 (


Innate Abilities, Weirdness & Mutations

You cannot be hasted, slowed, berserked, paralysed or teleported.
You can dig through walls and to a lower floor.
You have a pair of large antennae on your head. (SInv)
Your four strong arms can wield two-handed weapons with a shield.


Message History

You closely miss the orc. The orc hits you but does no damage.
You barely miss the orc. The orc closely misses you.
You slice the orc!!
You kill the orc!
Makhleb accepts your kill.
You feel better.
You closely miss the orc. The orc hits you but does no damage.
You slash the orc!
You kill the orc!
Makhleb accepts your kill.
Items here: ( ))))))) [[[[[ ††††††.
The steam dragon hisses angrily.
The steam dragon breathes steam at you. The ball of steam hits you!
* * * LOW HITPOINT WARNING * * *
You are engulfed in a cloud of scalding steam.
* * * LOW HITPOINT WARNING * * *
Throw: throwing net
Press: ? - help, Q - select action, (/) - cycle Shift-Dir - straight line, f - steam dragon
Aim: a steam dragon (57% to hit)
You throw a throwing net. The throwing net hits the steam dragon.
The steam dragon is caught in the net!
The steam dragon breathes steam at you. The ball of steam hits you!
* * * LOW HITPOINT WARNING * * *
The steam dragon struggles against the net.
You feel better.
You are engulfed in a cloud of scalding steam.
Unknown command.
The steam dragon struggles against the net.
You hit the steam dragon.
The steam dragon is lightly wounded.
The steam dragon breathes steam at you. The ball of steam hits you.
* * * LOW HITPOINT WARNING * * *
The steam dragon struggles against the net.
You slash the steam dragon!
The steam dragon is severely wounded.
You are engulfed in a cloud of scalding steam.
You die...

##### #.... #########....
#............ ###
#.........### .. ##.#
#.........##. .... #)##
#.........##.
.....###.#####.........##.
......§§.@.............###
....§.§§.§D....########)))
......§§§§.....# #....).
....#############...###...
... ......)### ..
...###... . #....<.
...###... ..###


You could see a steam dragon (caught, catching breath).

Vanquished Creatures
  5 yaks (D:4)
  Menkaure (D:6)
  A water moccasin (D:7)
  3 black bears
  2 orc warriors (D:8)
  An ice beast (D:6)
  2 ogres
  2 centaurs (D:7)
  A kobold brigand (D:7)
  5 bullfrogs
  A necrophage (D:4)
  A scorpion (D:4)
  3 killer bees (D:8)
  3 jellies
  An orc priest (D:8)
  A hound (D:5)
  2 gnoll shamans
  Crazy Yiuf (D:2)
  Jessica (D:2)
  2 iguanas
  Ijyb (D:3)
  3 orc wizards
  2 mummies
  Robin (D:2)
  11 gnolls
  6 adders
  A shadow imp (D:7)
  An ufetubus (D:7)
  31 orcs
  2 spectral bats (Ossuary)
  4 bats
  8 endoplasms
  5 giant cockroaches
  12 gnoll zombies (Ossuary)
  11 goblins
  7 hobgoblins
  8 kobolds
  2 quokkas
  3 training dummies (D:5)
  3 ball pythons
  4 frilled lizards (D:1)
  A goblin simulacrum (Ossuary)
  6 goblin zombies
  2 hobgoblin zombies (Ossuary)
  2 kobold simulacra (Ossuary)
  8 kobold zombies
  4 orc zombies (Ossuary)
  A rat (D:1)
  4 rat simulacra (Ossuary)
  3 spectral goblins (Ossuary)
  2 spectral kobolds (Ossuary)
  3 spectral rats (Ossuary)
201 creatures vanquished.

Vanquished Creatures (others)
  2 plants (D:6)
2 creatures vanquished.

Grand Total: 203 creatures vanquished

Notes
Turn   | Place    | Note
-------+----------+-------------------------------------------
     0 | D:1      | Warped the Formicid Fighter began the quest for the Orb.
     0 | D:1      | Reached XP level 1. HP: 18/18 MP: 1/1
   340 | D:1      | Reached skill level 3 in Axes
   340 | D:1      | Reached XP level 2. HP: 2/24 MP: 2/2
   765 | D:1      | Reached XP level 3. HP: 29/29 MP: 3/3
   790 | D:1      | Found a faded altar of an unknown god.
  1367 | D:2      | Noticed Robin
  1382 | D:2      | Reached skill level 4 in Axes
  1382 | D:2      | Reached XP level 4. HP: 24/32 MP: 4/4
  1386 | D:2      | Killed Robin
  1473 | D:2      | Noticed Jessica
  1480 | D:2      | Killed Jessica
  1768 | D:2      | Reached XP level 5. HP: 39/41 MP: 5/5
  1848 | D:2      | Found a runed translucent door.
  1849 | D:2      | Noticed Crazy Yiuf
  2290 | D:2      | Killed Crazy Yiuf
  2291 | D:2      | Reached skill level 5 in Axes
  2514 | D:3      | Found Zaulogg's Assorted Antiques.
  2622 | D:3      | Noticed Ijyb
  2632 | D:3      | Killed Ijyb
  2804 | D:3      | Found a hazy altar of Hepliaklqana.
  2956 | D:4      | Noticed a yak
  2957 | D:4      | Noticed a yak
  2957 | D:4      | Noticed a yak
  2966 | D:4      | Noticed a yak
  2968 | D:4      | Noticed a yak
  2969 | D:4      | Killed a yak
  2970 | D:4      | Reached skill level 6 in Axes
  2970 | D:4      | Reached XP level 6. HP: 27/47 MP: 6/6
  2974 | D:4      | Killed a yak
  2975 | D:4      | Reached skill level 7 in Axes
  2975 | D:4      | Reached XP level 7. HP: 45/52 MP: 7/7
  2977 | D:4      | Killed a yak
  2978 | D:4      | Reached skill level 8 in Axes
  2980 | D:4      | Killed a yak
  2981 | D:4      | Reached XP level 8. HP: 44/58 MP: 8/8
  2985 | D:4      | Killed a yak
  2986 | D:4      | Reached skill level 9 in Axes
  3176 | D:4      | Found a sand-covered staircase.
  3185 | Ossuary  | Entered an ossuary
  4246 | D:4      | Identified the +1 robe "Siodinapn" {SInv}
  4678 | D:5      | Entered Level 5 of the Dungeon
  4714 | D:5      | Reached skill level 10 in Axes
  4747 | D:5      | Found a radiant altar of Vehumet.
  4812 | D:5      | Found a stormy altar of Qazlal.
  4825 | D:5      | Found a burning altar of Makhleb.
  4869 | D:5      | Became a worshipper of Makhleb the Destroyer
  4955 | D:5      | Found an opulent altar of Gozag.
  5006 | D:5      | Found Poreor's Firing Range.
  5610 | D:6      | Reached XP level 9. HP: 59/64 MP: 9/9
  5656 | D:6      | Reached skill level 11 in Axes
  5786 | D:6      | Found an ancient bone altar of Kikubaaqudgha.
  5786 | D:6      | Noticed Menkaure
  5794 | D:6      | Killed Menkaure
  6127 | D:6      | Found a staircase to the Ecumenical Temple.
  6921 | D:6      | Found a shimmering altar of Xom.
  7346 | D:7      | Reached skill level 12 in Axes
  7853 | D:7      | Reached * piety under Makhleb
  8192 | D:7      | Found Nolenor's Antique Armour Shoppe.
  8394 | D:7      | Reached skill level 1 in Dodging
  8520 | D:7      | Reached XP level 10. HP: 70/70 MP: 10/10
  8958 | D:8      | HP: 1/70 [steam dragon/ball of steam (7)]
  8963 | D:8      | Engulfed by a steam dragon's steam

Illustrated notes

Levels and vault maps discovered:
D:1:      dpeg_arrival_line_fractal, layout_loops_ring,
          dreamdust_ecumenical_altar_angels_and_demons,
          chequers_serial_rivers_large_a
D:2:      layout_basic, hangedman_decor_clover_reticule, uniq_robin,
          uniq_jessica, uniq_crazy_yiuf_cottage
D:3:      layout_rooms, general_overflow_altar, serial_shops, shop,
          minmay_cupped, uniq_ijyb
D:4:      layout_loops_ring, nicolae_ossuary_entry_giza,
          minmay_misc_feat_more_columns, grunt_ministairs_6
D:5:      layout_rooms, kennysheep_mini_moat,
          nicolae_gozag_cash_rules_everything_around_me, jmf_multi_god_temple,
          nicolae_shop_firing_range
D:6:      layout_basic, mainiacjoe_overflow_boulevard, tgw_xom, temple_hall,
          uniq_menkaure
D:7:      layout_rooms, serial_shops, kennysheep_mini
D:8:      nicolae_BIG_FREAKIN_CUBE, layout_basic, tso_metal_star,
          nicolae_wu_jian_immortal_techniques, lair_entry_dummy,
          chequers_arboretum

Skill      XL: |  1  2  3  4  5  6  7  8  9 10 |
---------------+-------------------------------+-----
Axes           | 3 4 6 7 8 10 12 | 12.9
Dodging        | 1 |  1.6
Shields        | 4 |  4.4
Fighting       | 4 |  4.1
Armour         | 4 |  4.0

Action                   |  1- 3 |  4- 6 |  7- 9 | 10-12 || total
-------------------------+-------+-------+-------+-------++-------
Melee: War axe           |    66 |    82 |   366 |    88 ||   602
Throw: Throwing net      |       |       |     1 |     1 ||     2
 Abil: Dig               |     1 |       |       |     1 ||     2
  Use: Potion            |       |     2 |     4 |     1 ||     7
       Scroll            |       |       |     1 |       ||     1
Armor: Scale mail        |    29 |    45 |   141 |       ||   215
       Skin              |       |     2 |     6 |       ||     8
       Chain mail        |       |       |    20 |    37 ||    57
Dodge: Dodged            |    36 |    35 |   147 |    36 ||   254
Block: Buckler           |    10 |    23 |    62 |    14 ||   109

Table legend: (Time is in decaauts)
 A = Elapsed time spent in this place.
 B = Non-inter-level travel time spent in this place.
 C = Inter-level travel time spent in this place.
 D = Time resting spent in this place.
 E = Time spent auto-exploring this place.
 F = Levels seen in this place.
 G = Mean time per level.
                   A        B        C        D        E       F      G
               +--------+--------+--------+--------+--------+-----+--------+
         Total |   9011 |   8789 |    222 |   1759 |   5492 |   9 | 1001.2 |
       Dungeon |   8402 |   8180 |    222 |   1609 |   5347 |   8 | 1050.2 |
       Ossuary |    609 |    609 |      0 |    150 |    145 |   1 |  609.0 |
               +--------+--------+--------+--------+--------+-----+--------+

Top non-repeatable levels by time:
     D:6: 1889 daAuts
     D:1: 1370 daAuts
     D:7: 1193 daAuts
     D:4: 1124 daAuts
     D:2: 1005 daAuts
     D:5: 772 daAuts
     D:3: 633 daAuts
 Ossuary: 609 daAuts
     D:8: 412 daAuts
